 Dungeon Crawl Stone Soup version 0.16.1-7-g2c6721e (webtiles) character file.

99 CcS the Stinger (level 4, 0/24 HPs)
             Began as a Gargoyle Venom Mage on Mar 29, 2015.
             Slain by a giant newt (2 damage)
             ... on level 2 of the Dungeon.
             The game lasted 00:04:34 (1990 turns).

CcS the Stinger (Gargoyle Venom Mage)               Turns: 1990, Time: 00:04:34

Health: 0/24       AC:  5    Str: 11    XL:     4   Next: 72%
Magic:  0/9        EV: 12    Int: 17    God:
Gold:   93         SH:  0    Dex: 10    Spells: 3 memorised, 1 level left

rFire  . . .     SeeInvis .     g - +0 mace
rCold  . . .     Clarity  .     a - +0 robe
rNeg   + . .     SustAb   .     (no shield)
rPois  ∞         Gourm    .     (no helmet)
rElec  +         Spirit   .     (no cloak)
rCorr  .         Warding  .     (no gloves)
rMut   .         Stasis   .     (no boots)
MR     .....                    (no amulet)
Stlth  ++........               (no ring)
                                (no ring)

@: very slightly contaminated, not resistant to hostile enchantments, unstealthy
A: negative energy resistance 1, electricity resistance, unbreathing,
petrification resistance, rot immunity, AC +3
a: no special abilities


You were on level 2 of the Dungeon.
You were very hungry.

You visited 1 branch of the dungeon, and saw 2 of its levels.

You collected 93 gold pieces.

Inventory:

Hand weapons
 d - a +0 short sword
 f - a +0 club
 g - a +0 mace (weapon)
Armour
 a - a +0 robe (worn)
Jewellery
 e - a cursed ring of teleportation {unknown}
 i - a cursed -5 ring of strength {unknown}
Scrolls
 h - 3 scrolls of remove curse {unknown}
 l - a scroll of fog {unknown}
 n - 4 scrolls of identify {unknown}
Books
 b - a Young Poisoner's Handbook

   Spells                             Type                      Level
   a - Sting                          Conjuration/Poison           1
   b - Cure Poison                    Poison                       2
   c - Mephitic Cloud                 Conjuration/Poison/Air       3
   d - Olgreb's Toxic Radiance        Poison                       4
   e - Venom Bolt                     Conjuration/Poison           5
Comestibles
 c - a bread ration
 j - a beef jerky


   Skills:
 - Level 0.2 Fighting
 - Level 1.5 Dodging
 - Level 2.1 Stealth
 + Level 3.3 Spellcasting
 + Level 3.0 Conjurations
 - Level 4.0 Poison Magic


You had one spell level left.
You knew the following spells:

 Your Spells              Type           Power        Failure   Level  Hunger
a - Sting                 Conj/Pois      ##..         4%          1    None
b - Mephitic Cloud        Conj/Pois/Air  ##......     21%         3    ###....
c - Olgreb's Toxic Radia  Pois           ###.....     38%         4    ####...


Dungeon Overview and Level Annotations

Branches:
Dungeon (2/15)

Altars:


Innate Abilities, Weirdness & Mutations

You are resistant to torment.
You are immune to poison.
Your stone body is very resilient (AC +3).
You resist negative energy.
You are resistant to electric shocks.
You can survive without breathing.
You are immune to petrification.
You are immune to rotting.


Message History

You miscast Mephitic Cloud.
You are very lightly contaminated with residual magic.
You feel mildly nauseous. The gnoll hits you with a flail!
* * * LOW HITPOINT WARNING * * *
You see here a dagger.
A giant newt comes into view.
The giant newt closely misses you. The giant newt bites you.
* * * LOW HITPOINT WARNING * * *
Casting: Mephitic Cloud
Confirm with . or Enter, or press ? or * to list all spells.
Aiming: Mephitic Cloud
Press: ? - help, Shift-Dir - straight line, f/p - gnoll
Aim: a gnoll, wielding a flail The ball explodes into a vile cloud!
The stinking cloud engulfs the gnoll.
The stinking cloud engulfs the giant newt.
The stinking cloud engulfs you!
The giant newt is engulfed in noxious fumes.
The giant newt bites you.
You die...

#.# #.# #.# #.# #.# #.#
#.#######'### #.#.........#
#.#.........# ###.#.(.......#
#####..)..........#
#......(§@........#
#.......lg§....)..#
########.......§.#####.###
........................>#####
.....###.....................#
#...........##.#.###########.#
#...........##.#.#...# ### #.#
#...........##.#.#.#.# #...#.#
#####..#....##.#.#.#.# #.#.#.#


You could see a gnoll and a giant newt.

Vanquished Creatures
  A gnoll (D:1)
  3 adders (D:2)
  A worm (D:2)
  2 giant geckos
  3 giant cockroaches
  7 hobgoblins
  A jackal (D:2)
  9 kobolds
  A quokka (D:2)
  5 bats
  4 giant newts (D:1)
  11 goblins
  6 rats
54 creatures vanquished.

Notes
Turn   | Place    | Note
--------------------------------------------------------------
     0 | D:1      | CcS, the Gargoyle Venom Mage, began the quest for the Orb.
     0 | D:1      | Reached XP level 1. HP: 10/10 MP: 3/3
   511 | D:1      | Reached skill level 1 in Conjurations
   511 | D:1      | Reached XP level 2. HP: 15/15 MP: 2/4
   817 | D:1      | Reached XP level 3. HP: 19/19 MP: 6/6
  1181 | D:2      | Learned a level 3 spell: Mephitic Cloud
  1245 | D:1      | Reached XP level 4. HP: 10/24 MP: 2/9
  1509 | D:2      | Learned a level 4 spell: Olgreb's Toxic Radiance
  1990 | D:2      | Slain by a giant newt

Action                   |  1- 3 |  4- 6 || total
-------------------------+-------+-------++-------
Melee: Unarmed           |    14 |       ||    14
       Short sword       |    34 |       ||    34
       Club              |    28 |       ||    28
       Mace              |     1 |    50 ||    51
 Cast: Sting             |    49 |     9 ||    58
       Mephitic Cloud    |       |     5 ||     5
  Use: Potion            |     4 |       ||     4
 Stab: Invisible         |     1 |       ||     1
       Confused          |       |     1 ||     1
  Eat: Chunk             |     1 |     3 ||     4
